 Dungeon Crawl Stone Soup version 0.19.4 (webtiles) character file.

378 unrecovered the Archer (level 6, -9/64 HPs)
             Began as a High Elf Hunter on Feb 3, 2017.
             Was an Initiate of Ashenzari.
             Mangled by an ogre
             ... wielding a +0 giant club
              (17 damage)
             ... on level 5 of the Dungeon.
             The game lasted 00:20:33 (4683 turns).

unrecovered the Archer (High Elf Hunter)            Turns: 4683, Time: 00:20:33

Health: -9/64      AC: 26    Str: 13    XL:     6   Next: 45%
Magic:  7/7        EV:  2    Int: 15    God:    Ashenzari [......]
Gold:   214        SH:  0    Dex: 16    Spells: 0 memorised, 5 levels left

rFire  . . .     SeeInvis .     a - +3 shortbow
rCold  . . .     Gourm    .     (armour currently unavailable)
rNeg   + + +     Faith    .     (shield currently unavailable)
rPois  +         Spirit   .     (helmet currently unavailable)
rElec  .         Reflect  .     (cloak currently unavailable)
rCorr  .         Harm     .     (gloves currently unavailable)
MR     +....     NoTele   +     (boots currently unavailable)
Stlth  ++........               (no amulet)
                                q - +3 ring of protection
                                h - ring of protection from magic

@: lethally poisoned (-9 -> -9), tree-form
A: (thin metallic scales 0), sense surroundings 1, wild magic 1
a: Curse Item, Renounce Religion


You were on level 5 of the Dungeon.
You worshipped Ashenzari.
Ashenzari was noncommittal.
You were hungry.
You were a tree.
You visited 1 branch of the dungeon, and saw 5 of its levels.

You collected 214 gold pieces.

Inventory:

Hand Weapons
 a - a +3 shortbow (weapon)
 b - a +0 short sword
 i - a +0 dagger of venom
 r - a +0 quarterstaff
Missiles
 d - 5 arrows (quivered)
Armour
 c - a +0 leather armour (melded)
 l - a +0 helmet (melded)
 s - a +0 pair of gloves (melded)
Jewellery
 h - a ring of protection from magic (left branch)
 q - a +3 ring of protection (right branch)
Scrolls
 j - a scroll of teleportation {unknown}
 o - a scroll of blinking
 t - a scroll of fog
 v - a scroll of remove curse
Potions
 e - a potion of mutation
 g - a potion of cure mutation {unknown}
 p - a potion of flight {unknown}
 w - a potion of agility {unknown}
 x - a potion of heal wounds {unknown}
Comestibles
 f - 5 bread rations
 k - 5 meat rations
 m - a slice of pizza
 n - a beef jerky
 z - 3 chunks of flesh


   Skills:
 + Level 4.1 Fighting
 * Level 9.0 Bows
 - Level 2.1 Dodging
 - Level 1.1 Stealth


You had 5 spell levels left.
You didn't know any spells.

Dungeon Overview and Level Annotations

Branches:
Dungeon (5/15)             Temple (0/1) D:5

Altars:
Ashenzari
Elyvilon
Kikubaaqudgha
Sif Muna
Uskayaw


Innate Abilities, Weirdness & Mutations

((You are partially covered in thin metallic scales. (AC +2)))
You passively map a small area around you.
Your spells are a little harder to cast, but a little more powerful.


Message History

The ogre is moderately wounded.
The ogre hits you with a giant club!
* * * LOW HITPOINT WARNING * * *
Wield which item (- for none, * to show all)? (? for menu, Esc to quit)
Your +0 dagger of venom stops dripping with poison.
a - a +3 shortbow (weapon)
The ogre hits you but does no damage.
You are too injured to fight recklessly!
Firing (i - inventory):
d - 7 arrows (quivered)
Press: ? - help, Shift-Dir - straight line, f - ogre
Aim: an ogre, wielding a giant club (heavily wounded, poisoned)
You shoot an arrow. The arrow hits the ogre.
The ogre is severely wounded.
Firing (i - inventory):
d - 6 arrows (quivered)
Press: ? - help, Shift-Dir - straight line, f/p - ogre
Aim: an ogre, wielding a giant club (severely wounded, poisoned)
You shoot an arrow. The arrow hits the ogre.
The ogre is almost dead.
You feel sick. The ogre hits you with a giant club!
You die...

, * #...# , ,
, *≈ ,
,,#...# , *,
#..## ## ,
#.##PPP## * *
≈ , #.#P...P#
* * , ,,
#.'..>.P# #,
#.#P...P#.#,
, #.##PPP##.#
,
#.♣#####..#,
, ,###O##...#
+ *
##.##...###..
* , ,, ,
+............
, *,
#......O.....
, *
#.......?....
, *
###....######
+* #....#*
,,, ...... ,
,


You could see an ogre.

Vanquished Creatures
  A scorpion (D:3)
  A hound (D:4)
  Terence (D:2)
  A worker ant (D:5)
  Robin (D:3)
  3 gnolls (D:3)
  6 adders
  3 oozes
  3 worms
  2 dart slugs
  A leopard gecko (D:3)
  15 orcs
  2 ball pythons
  A bat zombie (D:4)
  6 giant cockroaches
  19 goblins
  13 hobgoblins
  5 jackals
  A quokka (D:2)
  8 bats
  4 frilled lizards
  14 kobolds
  9 rats
  4 rat zombies (D:4)
124 creatures vanquished.

Notes
Turn   | Place    | Note
-------+----------+-------------------------------------------
     0 | D:1      | unrecovered the High Elf Hunter began the quest for the Orb.
     0 | D:1      | Reached XP level 1. HP: 14/14 MP: 2/2
   387 | D:1      | Reached XP level 2. HP: 19/19 MP: 3/3
   463 | D:1      | Reached skill level 6 in Bows
   785 | D:1      | Reached XP level 3. HP: 23/25 MP: 4/4
  1382 | D:2      | Noticed Terence
  1395 | D:2      | Killed Terence
  1395 | D:2      | Reached skill level 7 in Bows
  1395 | D:2      | Reached XP level 4. HP: 18/31 MP: 5/5
  1475 | D:2      | Gained mutation: You are partially covered in thin metallic scales. (AC +2) [potion of mutation]
  1475 | D:2      | Gained mutation: Your spells are a little harder to cast, but a little more powerful. [potion of mutation]
  1475 | D:2      | Gained mutation: You passively map a small area around you. [potion of mutation]
  2643 | D:3      | Reached XP level 5. HP: 31/36 MP: 6/6
  2783 | D:3      | Noticed Robin
  2873 | D:3      | Reached skill level 8 in Bows
  3255 | D:3      | Killed Robin
  3262 | D:3      | Reached XP level 6. HP: 14/43 MP: 7/7
  3571 | D:3      | Found a shattered altar of Ashenzari.
  3927 | D:3      | Became a worshipper of Ashenzari the Shackled
  4392 | D:4      | Found an ancient bone altar of Kikubaaqudgha.
  4543 | D:4      | Found a deep blue altar of Sif Muna.
  4544 | D:4      | Found a hide-covered altar of Uskayaw.
  4544 | D:4      | Found a white marble altar of Elyvilon.
  4589 | D:5      | Entered Level 5 of the Dungeon
  4589 | D:5      | Noticed a sky beast
  4642 | D:5      | Found a staircase to the Ecumenical Temple.
  4665 | D:5      | Reached skill level 9 in Bows
  4683 | D:5      | Mangled by an ogre

Skill      XL: |  1  2  3  4  5  6 |
---------------+-------------------+-----
Bows           | 6 7 8 9 |  9.0
Fighting       | 3 4 |  4.1
Dodging        | |  2.1
Stealth        | |  1.1

Action                   |  1- 3 |  4- 6 || total
-------------------------+-------+-------++-------
Melee: Dagger            |    45 |   203 ||   248
       Quarterstaff      |       |    55 ||    55
 Fire: Shortbow          |    70 |    39 ||   109
  Use: Scroll            |       |     8 ||     8
       Potion            |       |     3 ||     3
 Stab: Sleeping          |     1 |     1 ||     2
  Eat: Chunk             |     1 |     9 ||    10
       Pizza             |       |     1 ||     1
Armor: Leather armour    |    13 |    87 ||   100
       Skin              |       |    14 ||    14
Dodge: Dodged            |    30 |   146 ||   176
